[Event "Team 45 45 League T86"]
[Site "Internet Chess Club"]
[Date "2020.10.02"]
[Round "1"]
[White "dpmdpm"]
[Black "gregorgg"]
[Result "1/2-1/2"]
[WhiteElo "1535"]
[BlackElo "1377"]
[Opening "Sicilian: Canal-Sokolsky attack, 3...Bd7"]
[ECO "B52"]
[Time "15:04:41"]
[TimeControl "2700+45"]

1. e4 c5 2. Nf3 d6 3. Bb5+ Bd7 4. Bxd7+ Qxd7 5. O-O Nf6 6. Nc3 g6 7. d4 cxd4 8.
Nxd4 Bg7 9. h3 Nc6 10. Be3 O-O 11. f3 a6 12. Qd2 b5 13. Nxc6 Qxc6 14. a3 Rac8
15. Bh6 Bxh6 16. Qxh6 a5 17. Rac1 Qc5+ 18. Kh1 Qh5 19. Qxh5 Nxh5 20. Kh2 Rb8 21.
Nd5 Rb7 22. g4 Ng7 23. b4 e6 24. Ne3 axb4 25. axb4 Rc8 26. Rfd1 Rc3 27. Rxd6 Ne8
28. Rd3 Rbc7 29. Rxc3 Rxc3 30. Re1 Nc7 31. Kg3 Na6 32. Re2 Nxb4 {Game drawn by
mutual agreement} 1/2-1/2

[Event "Team 45 45 League T86"]
[Site "Internet Chess Club"]
[Date "2020.10.01"]
[Round "1"]
[White "dwmt"]
[Black "Ostap-Bender"]
[Result "1-0"]
[WhiteElo "1179"]
[BlackElo "1239"]
[Opening "Polish (Sokolsky) opening"]
[ECO "A00"]
[Time "19:00:12"]
[TimeControl "2700+45"]

1. b4 d5 2. Bb2 Nf6 3. Bxf6 exf6 4. c3 Be7 5. d4 O-O 6. Nf3 Bg4 7. Nbd2 Nd7 8.
g3 Re8 9. Bg2 c6 10. O-O Qc7 11. a4 a5 12. bxa5 Qxa5 13. c4 dxc4 14. Nxc4 Qc7
15. a5 b5 16. axb6 Nxb6 17. Nxb6 Qxb6 18. Rxa8 Rxa8 19. Qb1 Rb8 20. Qxb6 Rxb6
21. e3 Rb2 22. Rc1 Bd7 23. Ne1 Rb6 24. Ra1 Rb8 25. h4 Kf8 26. Kh2 g5 27. h5 g4
28. Be4 f5 29. Bd3 c5 30. dxc5 Bxc5 31. Rc1 Bd6 32. Rb1 Ke7 33. Rxb8 Bxb8 34.
Ng2 Kf6 35. Nf4 Bxf4 36. exf4 Kg7 37. Bc4 f6 38. Bd5 Kf8 39. f3 Ke7 40. fxg4
fxg4 41. Bg8 Bf5 42. Kg2 Kf8 43. Bd5 h6 44. Kf2 Ke7 45. Ke3 Be6 46. Ke4 Bd7 47.
Bc4 Kf8 48. Be2 Kg7 49. f5 Bc6+ 50. Kf4 Kf7 51. Bxg4 Ke7 52. Be2 Bd5 53. g4 Bc4
54. Bxc4 {Black resigns} 1-0

[Event "Team 45 45 League T86"]
[Site "Internet Chess Club"]
[Date "2020.10.05"]
[Round "1"]
[White "Gojira"]
[Black "olivermx"]
[Result "1-0"]
[WhiteElo "1539"]
[BlackElo "1345"]
[Opening "Queen's pawn"]
[ECO "A40"]
[Time "21:22:49"]
[TimeControl "2700+45"]

1. d4 h6 2. Bf4 d5 3. Nc3 a6 4. e3 Bf5 5. Bd3 Bxd3 6. Qxd3 Nf6 7. Nf3 e6 8. O-O
Nbd7 9. h3 Be7 10. e4 dxe4 11. Nxe4 Nxe4 12. Qxe4 c6 13. Nd2 Nf6 14. Qd3 b5 15.
c3 O-O 16. Qf3 Qd5 17. Rfe1 c5 18. dxc5 Qxc5 19. Rad1 Nd5 20. Nb3 Qb6 21. Rxd5
exd5 22. Rxe7 Qf6 23. Rd7 Rad8 24. Rxd8 Rxd8 25. Nd4 Re8 26. Kf1 Qg6 27. Qd1 Qe4
28. Be3 Qg6 29. Qc2 Qf6 30. Qf5 Qh4 31. Qxd5 Rd8 32. Qe5 g5 33. Nf5 {Black
resigns} 1-0

[Event "Team 45 45 League T86"]
[Site "Internet Chess Club"]
[Date "2020.10.02"]
[Round "1"]
[White "Balderdash"]
[Black "rkjulianjr"]
[Result "1/2-1/2"]
[WhiteElo "1209"]
[BlackElo "1357"]
[Opening "Giuoco Piano: four knights variation"]
[ECO "C47"]
[Time "10:02:51"]
[TimeControl "2700+45"]

1. e4 e5 2. Nf3 Nc6 3. Nc3 Nf6 4. Bc4 Bc5 5. Na4 Bb6 6. Ng5 O-O 7. Nc3 h6 8. Nf3
d6 9. d3 Bg4 10. h3 Bxf3 11. Qxf3 Nd4 12. Qd1 c6 13. Be3 d5 14. exd5 cxd5 15.
Bb3 Nxb3 16. Bxb6 Qxb6 17. axb3 Rfe8 18. O-O Rad8 19. Qe2 e4 20. dxe4 dxe4 21.
Rfd1 a6 22. Rxd8 Qxd8 23. Rd1 Qe7 24. Qe3 b5 25. Rd4 Qe5 26. f4 exf3 27. Qxe5
Rxe5 28. gxf3 Rh5 29. Kg2 Rg5+ 30. Kf2 Rh5 31. Kg3 Rg5+ 32. Kf2 Rh5 33. Kg2 Rg5+
34. Kh2 Rf5 35. Rd3 Nh5 36. Rd5 Rxd5 37. Nxd5 a5 38. Ne7+ Kf8 39. Nc6 a4 40.
bxa4 bxa4 41. Ne5 Nf4 42. Nd7+ Ke8 43. Nc5 a3 44. bxa3 Ne2 45. a4 Kd8 46. c4 Nd4
47. Kg2 Nc6 48. Kg3 Na5 49. Kf4 Nxc4 50. Nb7+ Kc7 51. Nc5 Kc6 52. Nb3 Kb6 53.
Ke4 g6 54. f4 f5+ 55. Kd5 Na5 56. Nd4 Kc7 57. Ne6+ Kc8 58. Kd6 Nc4+ 59. Kc6 Ne3
60. a5 Kb8 61. a6 Ka7 62. Kb5 Nd5 63. h4 Nc3+ 64. Ka5 Ne4 65. Nf8 g5 66. fxg5
hxg5 67. h5 Nf6 68. h6 g4 69. Ne6 g3 70. Nf4 Nh7 71. Kb5 Ng5 72. Ka5 Nh7 73. Ng2
Ng5 74. Kb5 Nh7 75. Nf4 Nf6 76. Ng2 Nh7 77. Ka5 Nf8 78. Nf4 Nh7 79. Kb5 Ng5 80.
Ka5 Nh7 81. Ng2 Nf6 82. Kb5 Nh7 83. Nf4 Nf8 84. Ng2 Nh7 85. Ka5 Ng5 86. Nf4 Nh7
87. Ng2 {Game drawn by repetition} 1/2-1/2

[Event "Team 45 45 League T86"]
[Site "Internet Chess Club"]
[Date "2020.10.04"]
[Round "1"]
[White "CMAlge"]
[Black "Conjurer"]
[Result "1-0"]
[WhiteElo "1278"]
[BlackElo "1132"]
[Opening "Sicilian: closed"]
[ECO "B23"]
[Time "13:09:22"]
[TimeControl "2700+45"]

1. e4 c5 2. Nc3 e6 3. f4 d6 4. Nf3 g6 5. Bc4 Bg7 6. O-O a6 7. a4 Nc6 8. d3 Nd4
9. Ne2 Nh6 10. c3 Nxf3+ 11. Rxf3 O-O 12. f5 d5 13. f6 Bxf6 14. Bxh6 Bg7 15. Bxg7
Kxg7 16. Bb3 dxe4 17. Re3 exd3 18. Rxd3 Qe7 19. a5 e5 20. Bc2 Be6 21. b3 c4 22.
bxc4 Qc5+ 23. Kh1 Bxc4 24. Rd7 Qc6 25. Ng3 Bf1 26. Nxf1 Qxc3 27. Rd3 Qc5 28. Rd5
Qe7 29. Rd7 Qb4 30. Qd5 Qc3 31. Bb3 Qxa1 32. Rxf7+ Kh6 33. Qd2+ g5 34. Qd6+ Kh5
35. Rxh7+ Kg4 36. h3+ Kf5 37. Bc2+ e4 38. g4# {Black checkmated} 1-0

[Event "Team 45 45 League T86"]
[Site "Internet Chess Club"]
[Date "2020.10.04"]
[Round "1"]
[White "oldbookseller"]
[Black "seldredg"]
[Result "0-1"]
[WhiteElo "1013"]
[BlackElo "1334"]
[Opening "Queen's pawn game"]
[ECO "D04"]
[Time "13:30:52"]
[TimeControl "2700+45"]

1. d4 d5 2. Nf3 Nf6 3. e3 Bf5 4. Nbd2 e6 5. c3 Bd6 6. Be2 Nbd7 7. b4 c6 8. a3
Ne4 9. O-O h6 10. c4 Nc3 11. Qe1 Nxe2+ 12. Qxe2 Nf6 13. c5 Bc7 14. b5 Ne4 15.
bxc6 bxc6 16. Qa6 Qd7 17. Qb7 O-O 18. Ne5 Rfb8 19. Rb1 Rxb7 20. Nxd7 Rxb1 21.
Nxb1 Ba5 22. Ne5 Rc8 23. Nf3 Ng5 24. e4 Nxf3+ 25. gxf3 dxe4 26. Nd2 Bxd2 27.
Bxd2 exf3 28. Bf4 g5 29. Be5 a5 30. Re1 a4 31. Re3 g4 32. Bf4 Kh7 33. d5 cxd5
34. Bd6 Ra8 35. c6 Ra5 36. c7 Rb5 37. c8=Q Rb1+ {White resigns} 0-1

[Event "Team 45 45 League T86"]
[Site "Internet Chess Club"]
[Date "2020.10.03"]
[Round "1"]
[White "Signofthetimes"]
[Black "QuieroAprender"]
[Result "0-1"]
[WhiteElo "1527"]
[BlackElo "1712"]
[Opening "Four knights: Italian variation"]
[ECO "C47"]
[Time "20:00:41"]
[TimeControl "2700+45"]

1. e4 e5 2. Nf3 Nc6 3. Nc3 Nf6 4. Bc4 Be7 5. d3 h6 6. Be3 O-O 7. Qd2 a6 8. h3
Re8 9. O-O-O Bf8 10. g4 Na5 11. g5 hxg5 12. Bxg5 Nxc4 13. dxc4 c6 14. Rdg1 Re6
15. h4 b5 16. Bxf6 Qxf6 17. Rg3 Qf4 18. Qxf4 exf4 19. Rg4 b4 20. Ne2 Rxe4 21.
Kd2 Rxc4 22. Rhg1 d6 23. Rxf4 Rxf4 24. Nxf4 Bf5 25. h5 Kh8 26. Nd4 Bd7 27. Nf3
Re8 28. Ng5 f6 29. Ng6+ Kg8 30. Nf3 c5 31. Nxf8 Kxf8 32. Nh4 Kf7 33. Kd3 Bb5+
34. c4 Bd7 35. f4 Rh8 36. Ke4 Rxh5 37. Nf3 Bc6+ 38. Ke3 Rh3 39. Rf1 Ke6 40. Ke2
Bxf3+ 41. Rxf3 Rxf3 42. Kxf3 Kf5 43. b3 a5 44. Ke3 g5 45. fxg5 fxg5 46. Kf3 g4+
47. Ke3 Ke5 48. Kf2 d5 49. cxd5 Kxd5 50. Kg3 c4 51. Kxg4 c3 {White resigns} 0-1

[Event "Team 45 45 League T86"]
[Site "Internet Chess Club"]
[Date "2020.10.03"]
[Round "1"]
[White "kabindra"]
[Black "scostanzo212"]
[Result "0-1"]
[WhiteElo "1688"]
[BlackElo "1616"]
[Opening "Sicilian: closed"]
[ECO "B23"]
[Time "15:00:39"]
[TimeControl "2700+45"]

1. e4 c5 2. Nc3 e6 3. g3 Nc6 4. Bg2 Nf6 5. Nh3 d6 6. O-O Be7 7. f4 Qc7 8. d3 O-O
9. g4 a6 10. g5 Nd7 11. Be3 b5 12. f5 Nce5 13. Qh5 Bb7 14. Rf4 exf5 15. Nd5 Bxd5
16. exd5 Ng6 17. Rxf5 Nde5 18. Be4 Rae8 19. Raf1 Bd8 20. c3 Qa5 21. a3 Qc7 22.
Nf4 Nxd3 23. Qf3 Nxb2 24. Nxg6 hxg6 25. Rf4 Bxg5 26. Rg4 Bxe3+ 27. Qxe3 f5 28.
Rxg6 Rxe4 29. Qh3 Rg4+ {White resigns} 0-1

[Event "Team 45 45 League T86"]
[Site "Internet Chess Club"]
[Date "2020.10.03"]
[Round "1"]
[White "Kingofknights"]
[Black "VictorRed"]
[Result "0-1"]
[WhiteElo "1552"]
[BlackElo "1562"]
[Opening "Nimzo-Indian: 4.e3 O-O, 5.Bd3 d5"]
[ECO "E48"]
[Time "20:00:31"]
[TimeControl "2700+45"]

1. d4 Nf6 2. c4 e6 3. Nc3 Bb4 4. e3 d5 5. Bd3 O-O 6. Ne2 Ne4 7. O-O Nxc3 8. Nxc3
c6 9. a3 Bd6 10. b4 Nd7 11. f4 f5 12. cxd5 cxd5 13. g4 g6 14. Ra2 Nf6 15. g5 Ne4
16. Bxe4 fxe4 17. Qb3 Be7 18. Rc2 b6 19. Bd2 Bxg5 20. Rf2 Bf6 21. Rg2 Bg7 22.
Be1 Ba6 23. Nxe4 dxe4 24. Qxe6+ Kh8 25. Qxe4 Rb8 26. Rg5 Bb7 27. Qd3 Re8 28. Qc3
Rc8 29. Qd2 Rxc2 30. Qxc2 Rxe3 {White resigns} 0-1

[Event "Team 45 45 League T86"]
[Site "Internet Chess Club"]
[Date "2020.10.04"]
[Round "1"]
[White "Toalla"]
[Black "tightfist"]
[Result "0-1"]
[WhiteElo "1217"]
[BlackElo "1542"]
[Opening "French: Schlechter variation"]
[ECO "C01"]
[Time "14:32:32"]
[TimeControl "2700+45"]

1. e4 e6 2. d4 d5 3. Bd3 c5 4. c3 Nc6 5. Nf3 Qb6 6. Bc2 cxd4 7. cxd4 dxe4 8.
Bxe4 Bb4+ 9. Nc3 Nf6 10. Bc2 O-O 11. O-O Rd8 12. Be3 Qa5 13. Ne2 e5 14. Bg5 Be7
15. Bxf6 Bxf6 16. Qd3 g6 17. Qc3 exd4 18. Qxa5 Nxa5 19. Bd3 Bg4 20. Rab1 Bxf3
21. gxf3 Rac8 22. Rfc1 Nc6 23. a3 Ne5 24. Be4 Nc6 25. Rd1 Bg7 26. f4 f5 27. Bd3
Kf7 28. Kg2 Bf6 29. Kg3 Na5 30. b4 Nc4 31. a4 Ke6 32. b5 Na3 33. Rbc1 Kd5 34.
Rxc8 Rxc8 35. Rc1 Rxc1 36. Nxc1 Nc4 37. h4 Nb2 38. Be2 b6 39. Nd3 Nxa4 40. Nb4+
Kc5 41. Na6+ Kd6 42. Nb8 Nc3 43. Bc4 h6 44. f3 g5 45. h5 Nd5 46. fxg5 Bxg5 47.
Nc6 Kc5 48. Ne5 Bf4+ 49. Kf2 Bxe5 {White resigns} 0-1

[Event "Team 45 45 League T86"]
[Site "Internet Chess Club"]
[Date "2020.10.03"]
[Round "1"]
[White "Insan996"]
[Black "Timmah4651"]
[Result "0-1"]
[WhiteElo "1632"]
[BlackElo "1528"]
[Opening "QGD Slav: exchange variation, 6.Bf4 Bf5"]
[ECO "D14"]
[Time "22:26:21"]
[TimeControl "2700+45"]

1. d4 d5 2. c4 c6 3. cxd5 cxd5 4. Nc3 Nc6 5. Nf3 Nf6 6. Bf4 Bf5 7. Qb3 Na5 8.
Qa4+ Bd7 9. Qc2 Rc8 10. e3 e6 11. Bd3 b5 12. Qe2 Bb4 13. O-O Bxc3 14. bxc3 Rxc3
15. Bxb5 O-O 16. Rfc1 Qc8 17. Rxc3 Qxc3 18. Rb1 Rc8 19. Bxd7 Nxd7 20. h3 Qc6 21.
Qb5 Qb6 22. g4 Rc1+ 23. Kg2 Rxb1 24. Qxd7 h6 25. Qe8+ Kh7 26. Qxf7 Nc4 27. g5
Qd8 28. gxh6 Qg8 29. Ng5+ Kh8 30. Qg6 Rb7 31. Nxe6 gxh6 32. Qxg8+ Kxg8 33. Bxh6
Rb6 34. Nc7 Rxh6 35. Nxd5 Ra6 36. Nb4 Ra4 37. Nc6 Rxa2 38. e4 Nd2 39. e5 Ne4 40.
Kf3 Nxf2 41. d5 Nxh3 42. d6 Ng5+ 43. Kf4 Ne6+ 44. Kf5 Nc5 45. Kf6 Kf8 46. Nd4
Rf2+ 47. Nf5 a5 48. e6 Ke8 49. Ke5 Rxf5+ 50. Kxf5 a4 51. Ke5 a3 52. Kd4 a2 53.
Kxc5 a1=Q 54. Kc6 Qc3+ 55. Kb7 Qb3+ 56. Kc7 Qxe6 57. Kc6 Kd8 58. Kc5 Qc8+ 59.
Kd5 Kd7 {White resigns} 0-1

[Event "Team 45 45 League T86"]
[Site "Internet Chess Club"]
[Date "2020.10.03"]
[Round "1"]
[White "Snuffleupegus"]
[Black "nidusin2"]
[Result "0-1"]
[WhiteElo "1513"]
[BlackElo "1616"]
[Opening "Réti opening"]
[ECO "A04"]
[Time "22:21:39"]
[TimeControl "2700+45"]

1. Nf3 d6 2. d3 e5 3. g3 Nf6 4. Bg2 Nc6 5. Nc3 Be7 6. O-O Bg4 7. h3 Be6 8. e4
Qd7 9. Ng5 O-O-O 10. Nxe6 fxe6 11. a4 d5 12. Bg5 d4 13. Ne2 h6 14. Bxf6 Bxf6 15.
f4 Kb8 16. Qd2 Qe7 17. Rfb1 exf4 18. Nxf4 Bg5 19. b4 e5 20. b5 Nb4 21. Ng6 Bxd2
22. Nxe7 Bc3 23. Ra3 Nxc2 24. Rab3 Ne3 25. Nd5 Nxd5 26. exd5 Rhf8 27. Rf1 Rxf1+
28. Kxf1 Rf8+ 29. Ke2 g5 30. Rb1 Kc8 31. Rf1 Rxf1 32. Bxf1 Kd7 33. Kf3 Kd6 34.
Ke4 Be1 35. g4 Bg3 36. Bg2 Kc5 37. Bf3 Kb6 38. Kf5 a6 39. bxa6 Kxa6 40. Ke6 Kb6
41. Kd7 Be1 42. Ke6 Bg3 43. Kf6 c6 44. d6 e4 45. Bxe4 Bxd6 46. Kg7 Ka5 47. Kxh6
Bf4 48. Kh5 Kxa4 49. h4 gxh4 50. Kxh4 Kb4 51. g5 Kc5 52. g6 Be5 53. Kg5 Bg7 54.
Kf5 Kd6 55. Kf4 b5 56. Kf3 c5 57. Ke2 c4 58. dxc4 bxc4 59. Bb1 Kc5 60. Kf3 Kb4
61. Ke4 Kc3 62. Kf5 d3 63. Ke6 d2 64. Kf7 d1=Q 65. Kxg7 Qxb1 66. Kf7 Qxg6+ 67.
Kxg6 Kd2 {White resigns} 0-1

[Event "Team 45 45 League T86"]
[Site "Internet Chess Club"]
[Date "2020.10.01"]
[Round "1"]
[White "Kingfisher75"]
[Black "Grenadier"]
[Result "0-1"]
[WhiteElo "1525"]
[BlackElo "1567"]
[Opening "Caro-Kann: anti-anti-Caro-Kann defense"]
[ECO "B10"]
[Time "20:00:36"]
[TimeControl "2700+45"]

1. e4 c6 2. c4 d5 3. cxd5 cxd5 4. exd5 Nf6 5. Qa4+ Bd7 6. Qb3 Na6 7. Nc3 Nc5 8.
Qd1 e6 9. d4 Nce4 10. dxe6 Bxe6 11. Nf3 Be7 12. Bd3 Nxc3 13. bxc3 O-O 14. O-O
Rc8 15. Bb2 Qb6 16. Qe2 Nd5 17. Qd2 Qc7 18. Rac1 Nf4 19. Bb1 Bc4 20. Rfe1 Bd6
21. Ne5 Ng6 22. Nxc4 Qxc4 23. Qd3 Qc7 24. g3 Rfe8 25. h4 Qb6 26. Qc2 Qc7 27. h5
Nf8 28. Qd3 Qb6 29. Ba1 Qa5 30. Re3 Rxe3 31. Qxe3 Qxh5 32. Be4 Re8 33. Bxh7+
Qxh7 34. Qxe8 Qg6 35. Kg2 Qg5 36. Rc2 Qd5+ 37. f3 Qg5 38. Qe1 Ne6 39. g4 Qh6 40.
Qg1 Nf4+ 41. Kf1 Qh3+ 42. Kf2 Qh7 43. Rd2 Nh3+ {White resigns} 0-1

[Event "Team 45 45 League T86"]
[Site "Internet Chess Club"]
[Date "2020.10.05"]
[Round "1"]
[White "GoIrish"]
[Black "tamky70"]
[Result "1-0"]
[WhiteElo "1484"]
[BlackElo "1300"]
[Opening "Réti: King's Indian attack"]
[ECO "A07"]
[Time "19:31:57"]
[TimeControl "2700+45"]

1. Nf3 d5 2. g3 g6 3. Bg2 Bg7 4. O-O c5 5. d3 Nc6 6. Nbd2 e6 7. e4 Nge7 8. Re1
dxe4 9. dxe4 Ne5 10. Nxe5 Bxe5 11. Nc4 Qxd1 12. Rxd1 Bg7 13. Nd6+ Kf8 14. Nc4
Nc6 15. c3 h6 16. Be3 b6 17. e5 Bb7 18. f4 Ba6 19. Bxc6 Rc8 20. Bd7 Rc7 21. Na3
Ke7 22. Bb5 Bb7 23. Bf1 Rd8 24. Rxd8 Kxd8 25. Rd1+ Rd7 26. Rxd7+ Kxd7 27. Nb5 a6
28. Nd6 Bf8 29. Nxb7 {Black resigns} 1-0

[Event "Team 45 45 League T86"]
[Site "Internet Chess Club"]
[Date "2020.10.02"]
[Round "1"]
[White "kabindra"]
[Black "mongmong"]
[Result "1-0"]
[WhiteElo "1709"]
[BlackElo "1433"]
[Opening "French: advance, Milner-Barry gambit"]
[ECO "C02"]
[Time "17:54:20"]
[TimeControl "2700+45"]

1. e4 e6 2. d4 d5 3. e5 c5 4. c3 Nc6 5. Nf3 Qb6 6. Bd3 cxd4 7. cxd4 Bd7 8. O-O
Nxd4 9. Nbd2 Nxf3+ 10. Nxf3 Ne7 11. Be3 Qc7 12. Rc1 Nc6 13. a3 a6 14. b4 Rc8 15.
Qe2 Qb8 16. Bg5 Be7 17. Bxe7 Nxe7 18. Ng5 Ng6 19. f4 O-O 20. Qh5 h6 21. Nxf7
Rxf7 22. Qxg6 Rxc1 23. Qh7+ Kf8 24. Qh8+ Ke7 25. Qxb8 Rxf1+ 26. Bxf1 {Black
resigns} 1-0

[Event "Team 45 45 League T86"]
[Site "Internet Chess Club"]
[Date "2020.10.02"]
[Round "1"]
[White "kabubi"]
[Black "g8wrb"]
[Result "0-1"]
[WhiteElo "1126"]
[BlackElo "1277"]
[Opening "French: Wing gambit"]
[ECO "C00"]
[Time "15:02:50"]
[TimeControl "2700+45"]

1. e4 e6 2. Nf3 d5 3. e5 c5 4. b4 cxb4 5. d4 Qb6 6. a3 bxa3 7. Bxa3 Bxa3 8. Nxa3
Nc6 9. Bb5 Ne7 10. O-O O-O 11. Bxc6 bxc6 12. c4 Ba6 13. c5 Qb4 14. Nc2 Qb7 15.
Rb1 Qc8 16. Re1 Rb8 17. Nb4 Bb5 18. Ng5 a5 19. Nd3 h6 20. Nh3 Nf5 21. Ndf4 a4
22. Nh5 Qd8 23. Qg4 a3 24. Ra1 Ra8 25. Nf6+ Kh8 26. Nh5 Qh4 27. Qxh4 Nxh4 28.
Re3 a2 29. Rb3 Nf5 30. Rb4 Bc4 31. Ng3 Nxd4 32. Nf4 Nc2 {White resigns} 0-1

[Event "Team 45 45 League T86"]
[Site "Internet Chess Club"]
[Date "2020.10.06"]
[Round "1"]
[White "seattleblues"]
[Black "WzeroMN"]
[Result "1-0"]
[WhiteElo "1232"]
[BlackElo "1059"]
[Opening "Queen's pawn game"]
[ECO "D02"]
[Time "19:01:08"]
[TimeControl "2700+45"]

1. d4 d5 2. Nf3 Bg4 3. Bf4 Bxf3 4. exf3 e6 5. c4 Bd6 6. Bxd6 Qxd6 7. Nc3 Nf6 8.
Qb3 Qb6 9. Qb5+ Qxb5 10. Nxb5 Na6 11. Bd3 O-O 12. O-O c6 13. Nc3 Nb4 14. Be2
dxc4 15. a3 Nc2 16. Rad1 Rad8 17. Bxc4 Nxd4 18. Rd2 Nf5 19. Rfd1 Rxd2 20. Rxd2
g6 21. g3 a6 22. Ne4 Nxe4 23. fxe4 Ne7 24. Rd7 b5 25. Be2 Re8 26. Ra7 Rd8 27.
Rxe7 Rd2 28. Kf1 Rxb2 29. Re8+ Kg7 30. Rc8 Ra2 31. Rxc6 Rxa3 32. Rc1 b4 33. Rb1
b3 34. Kg2 Ra2 35. Bc4 Ra4 36. Bxb3 Rxe4 37. Ra1 Rb4 38. Bd1 Rd4 39. Be2 Re4 40.
Bxa6 Rb4 41. Bc8 Rb8 42. Bd7 Rb7 43. Bc8 Rb8 44. Rc1 f5 45. Bxe6 Kf6 46. Rc6 Ke5
47. Ba2 Rb2 48. Bg8 h6 49. Rxg6 Rb8 50. Ba2 Rb2 51. Re6+ Kd4 52. Ra6 Ke5 53. Bf7
Rb7 54. Bh5 Re7 55. Rxh6 Re6 56. Rxe6+ Kxe6 57. h4 Ke5 58. Kf3 Kf6 59. Be8 Ke7
60. Ba4 Kf7 61. Kf4 Kg6 62. Bc2 Kh6 63. Kxf5 Kh7 64. f4 Kh6 65. g4 Kh7 66. Kg5+
Kg7 67. h5 Kh8 68. f5 Kg8 69. f6 Kf7 70. Bg6+ Ke6 71. h6 Ke5 72. h7 Kd6 73. h8=Q
Kc7 74. f7 {Black resigns} 1-0

[Event "Team 45 45 League T86"]
[Site "Internet Chess Club"]
[Date "2020.10.02"]
[Round "1"]
[White "cap78red"]
[Black "noblitz-oblige"]
[Result "0-1"]
[WhiteElo "1435"]
[BlackElo "1528"]
[Opening "English: four knights, kingside fianchetto"]
[ECO "A29"]
[Time "13:01:37"]
[TimeControl "2700+45"]

1. c4 e5 2. Nc3 Nf6 3. Nf3 Nc6 4. g3 h6 5. Bg2 Bc5 6. O-O O-O 7. Nxe5 Bxf2+ 8.
Rxf2 Nxe5 9. b3 c6 10. Ba3 Re8 11. Bd6 b6 12. d4 Neg4 13. Rf3 Ne3 14. Qd3 Nxg2
15. Kxg2 Bb7 16. c5 b5 17. Raf1 a5 18. e4 b4 19. Na4 Ba6 20. Qd1 Bxf1+ 21. Qxf1
Rxe4 22. Nb6 Ra7 23. Be5 Ng4 24. Bd6 Ne3+ 25. Rxe3 Rxe3 26. Nc4 Re6 27. Ne5 Qf6
28. Qc4 Qg5 29. Bb8 Rb7 30. Bd6 Qd8 31. Qf1 f6 32. Qa6 Qc8 33. Ng6 Kf7 34. Nf4
Rb8 35. Qd3 Rxd6 36. cxd6 Qe8 37. d5 c5 38. Ng6 Rb6 39. Nf4 Rxd6 40. Qc4 Qe3 41.
h4 g5 42. hxg5 hxg5 43. Nd3 Qd4 44. Qc2 Qxd5+ 45. Kh3 Qf5+ 46. Kg2 Rxd3 47. Qc4+
Qd5+ 48. Qxd5+ Rxd5 {White resigns} 0-1

[Event "Team 45 45 League T86"]
[Site "Internet Chess Club"]
[Date "2020.10.06"]
[Round "1"]
[White "stanbeers"]
[Black "Visin"]
[Result "1-0"]
[WhiteElo "1418"]
[BlackElo "1201"]
[Opening "Queen's pawn game"]
[ECO "D02"]
[Time "13:02:10"]
[TimeControl "2700+45"]

1. d4 d5 2. Nf3 c6 3. Nc3 Nf6 4. Bg5 Nbd7 5. e3 Qa5 6. Be2 Ne4 7. O-O Nxc3 8.
bxc3 e6 9. Qd2 Bd6 10. Rfb1 b5 11. Bf4 Bxf4 12. exf4 O-O 13. Ne5 Qc7 14. h3 f6
15. Nxd7 Bxd7 16. a4 a6 17. Qe3 f5 18. a5 Qd6 19. g3 Be8 20. Rb4 Bg6 21. h4 h5
22. Bd3 Rac8 23. Ra3 c5 24. dxc5 Rxc5 25. Qd4 Rc7 26. Rab3 Rd8 27. Bxb5 axb5 28.
Rxb5 Be8 29. Rb6 Rc6 30. Rb7 Rc7 31. R3b6 Qc5 32. Qe5 Rxb7 33. Rxb7 Bf7 34. a6
Ra8 35. Rb8+ Rxb8 36. Qxb8+ Kh7 37. a7 Qc4 38. a8=Q Qxc3 39. Qh8+ {Black
resigns} 1-0

[Event "Team 45 45 League T86"]
[Site "Internet Chess Club"]
[Date "2020.10.03"]
[Round "1"]
[White "kingsrook"]
[Black "arconia"]
[Result "0-1"]
[WhiteElo "1190"]
[BlackElo "1279"]
[Opening "Queen's pawn game"]
[ECO "E20"]
[Time "13:32:42"]
[TimeControl "2700+45"]

1. d4 Nf6 2. c4 e6 3. Nc3 c6 4. e3 Be7 5. Bd3 O-O 6. Nge2 a6 7. O-O d5 8. Qc2 b5
9. Nd1 bxc4 10. Bxc4 dxc4 11. Qxc4 Qc7 12. Ndc3 Ng4 13. Ng3 a5 14. h3 Ba6 15.
Qxa6 Rxa6 16. hxg4 Nd7 17. Nge4 f5 18. gxf5 Rxf5 19. Ng3 Rf7 20. Bd2 Bh4 21.
Nge4 Bf6 22. Rac1 c5 23. Nb5 Qb8 24. Nxf6+ Rxf6 25. a4 Rg6 26. g3 h5 {White
forfeits on time} 0-1

[Event "Team 45 45 League T86"]
[Site "Internet Chess Club"]
[Date "2020.10.02"]
[Round "1"]
[White "Ehab"]
[Black "room-matt"]
[Result "0-1"]
[WhiteElo "1871"]
[BlackElo "1785"]
[Opening "Ruy Lopez: fianchetto (Smyslov/Barnes) defense"]
[ECO "C60"]
[Time "13:01:09"]
[TimeControl "2700+45"]

1. e4 e5 2. Nf3 Nc6 3. Bb5 g6 4. d3 Bg7 5. Bg5 Nge7 6. Nc3 a6 7. Bc4 d6 8. Qd2
Bg4 9. Nd5 Bxf3 10. gxf3 Qd7 11. Bf6 O-O 12. Bxg7 Kxg7 13. O-O-O Nd4 14. f4 Nxd5
15. exd5 b5 16. Bb3 a5 17. c3 Nxb3+ 18. axb3 a4 19. b4 a3 20. b3 Qf5 21. fxe5
Qxe5 22. Kb1 Rfe8 23. Ka2 Qxd5 24. h4 Qh5 25. Rhe1 Rxe1 26. Rxe1 Qxh4 27. Re4
Qf6 28. Qe1 d5 29. Re7 c6 30. Qe3 Qxc3 31. Qe2 Qxb4 32. Qe5+ Kf8 33. Qh8+ Kxe7
34. Qxa8 Qd2+ 35. Kxa3 b4+ {White resigns} 0-1

[Event "Team 45 45 League T86"]
[Site "Internet Chess Club"]
[Date "2020.10.02"]
[Round "1"]
[White "filmdirector"]
[Black "QuieroAprender"]
[Result "1/2-1/2"]
[WhiteElo "1560"]
[BlackElo "1703"]
[Opening "Two knights defense (Modern bishop's opening)"]
[ECO "C55"]
[Time "20:06:40"]
[TimeControl "2700+45"]

1. e4 e5 2. Nf3 Nc6 3. Bc4 Nf6 4. d3 h6 5. Nbd2 d6 6. Nf1 a6 7. Ng3 Na5 8. O-O
Nxc4 9. dxc4 Bg4 10. h3 Be6 11. b3 Be7 12. Nh2 Qd7 13. f4 exf4 14. Bxf4 O-O-O
15. Qd4 Kb8 16. Be3 c5 17. Qb2 Qc6 18. b4 Bxc4 19. Rfe1 Rhe8 20. bxc5 dxc5 21.
Bf4+ Ka8 22. Qc3 Be6 23. Nf3 Bf8 24. Ne5 Qc8 25. Nc4 Bxc4 26. Qxc4 Qc6 27. Qxf7
Nxe4 28. Nf5 g5 {Game drawn by mutual agreement} 1/2-1/2

[Event "Team 45 45 League T86"]
[Site "Internet Chess Club"]
[Date "2020.10.01"]
[Round "1"]
[White "Portola"]
[Black "Zugzwanged"]
[Result "1-0"]
[WhiteElo "1704"]
[BlackElo "1676"]
[Opening "Queen's Indian defense"]
[ECO "A47"]
[Time "14:02:05"]
[TimeControl "2700+45"]

1. d4 Nf6 2. Nf3 b6 3. Bg5 Bb7 4. e3 e6 5. Nbd2 h6 6. Bh4 c5 7. c3 Be7 8. Bg3
Nh5 9. Bxb8 Qxb8 10. Ne5 Nf6 11. Qc2 O-O 12. Nef3 cxd4 13. exd4 Qf4 14. Bd3 Rfc8
15. O-O Bd6 16. Rfe1 Bb8 17. Be4 Nxe4 18. Nxe4 f5 19. Ned2 Rf8 20. Qd3 Qg4 21.
h3 Qg6 22. Rad1 Bf4 23. c4 Rac8 24. b3 Rfe8 25. Nh4 Qf6 26. Nhf3 Qg6 27. Nh4 Qh5
28. Nhf3 Qg6 29. a4 d6 30. Kh1 e5 31. dxe5 Bxd2 32. Qxd2 Bxf3 33. gxf3 dxe5 34.
Qd5+ Qe6 35. Rxe5 Qxd5 36. Rexd5 g6 37. Rd7 a5 38. R1d6 Re2 39. Rxg6+ Kh8 40.
Rxh6+ Kg8 41. Kg2 Rb2 42. Rxb6 Re8 43. c5 Rc2 44. c6 Rc8 45. Rd5 f4 46. Rf5
R8xc6 47. Rxc6 Rxc6 48. Rxf4 Rb6 49. Rf5 Rxb3 50. Rxa5 Ra3 51. Ra7 Ra1 52. a5
Ra3 53. f4 Kh8 54. f3 Kg8 55. Kg3 Kh8 56. f5 Ra4 57. f4 Kg8 58. Kg4 Ra1 59. f6
Rg1+ 60. Kf5 Rh1 61. a6 Rxh3 62. Rg7+ Kf8 63. a7 Ra3 64. Rb7 {Black resigns} 1-0

[Event "Team 45 45 League T86"]
[Site "Internet Chess Club"]
[Date "2020.10.04"]
[Round "1"]
[White "pishd"]
[Black "julesraider"]
[Result "1-0"]
[WhiteElo "1785"]
[BlackElo "1600"]
[Opening "King's Indian: Petrosian system, main line"]
[ECO "E93"]
[Time "11:09:44"]
[TimeControl "2700+45"]

1. d4 Nf6 2. Nf3 g6 3. c4 Bg7 4. Nc3 O-O 5. e4 d6 6. Be2 e5 7. d5 Nbd7 8. O-O
Nc5 9. Qc2 a5 10. Bg5 h6 11. Be3 Ncd7 12. h3 Nh5 13. Qd2 Kh7 14. g4 Nf4 15. Bxf4
exf4 16. Qxf4 Ne5 17. Qe3 f5 18. exf5 Nxf3+ 19. Qxf3 gxf5 20. Qd3 Kh8 21. Qg3
fxg4 22. hxg4 Qe7 23. Rae1 Be5 24. f4 Bd4+ 25. Kg2 Qg7 26. Rh1 Bd7 27. g5 Bf5
28. Bg4 Bxg4 29. Qxg4 Rf6 30. Ne4 Rg6 31. f5 Kg8 32. fxg6 Qxg6 33. Qe6+ Qxe6 34.
dxe6 hxg5 35. b3 g4 36. Rhf1 Bb6 37. Rf7 {Black resigns} 1-0